 Dungeon Crawl Stone Soup version 0.30.0 (webtiles) character file.

Game seed: 17919246566803734601

21863 Meow the Destroyer (level 12, -5/117 HPs)
             Began as a Naga Conjurer on Dec 20, 2023.
             Was an Initiate of Gozag.
             Slain by an orc warrior
             ... wielding a +0 broad axe
              (10 damage)
             ... on level 2 of the Orcish Mines.
             The game lasted 00:45:25 (11241 turns).

Meow the Destroyer (Naga Conjurer)                 Turns: 11241, Time: 00:45:26

Health: -5/117     AC: 10    Str: 10    XL:     12   Next: 94%
Magic:  37/37      EV:  9    Int: 24    God:    Gozag
Gold:   2928       SH:  0    Dex:  9    Spells: 8/35 levels left

rFire   . . .        a - +0 scimitar
rCold   . . .        (no shield)
rNeg    . . .        l - +0 robe
rPois   +            u - +0 helmet
rElec   .            t - +0 cloak
rCorr   .            C - +2 pair of gloves
SInv    +            (no barding)
Will    ++...        y - amulet of magic regeneration
Stlth   ++           z - ring of magical power
HPRegen 0.39/turn    I - ring of willpower
MPRegen 0.65/turn

%: no passive effects
@: gold aura, very slow
A: AC +4, large, see invisible, deformed body, poison resistance, slowness 2,
spit poison 1, naga tail 1
a: Spit Poison, Renounce Religion, Potion Petition, Call Merchant, Bribe Branch


You were on level 2 of the Orcish Mines.
You worshipped Gozag.
Gozag was most pleased with you.
You visited 2 branches of the dungeon, and saw 12 of its levels.
You also visited: Ossuary and Bailey.

You collected 3763 gold pieces.
You spent 764 gold pieces at shops.
You paid 71 gold pieces to Gozag.

Inventory:

Hand Weapons
 a - a +0 scimitar (weapon)
 d - the +6 shortbow of the Hidden Vale {flame, rElec rPois rN+ Dex+2}
   (You took it off an orc knight in a bailey)

   Dex:       It affects your dexterity (+2).
   rElec:     It insulates you from electricity.
   rPois:     It protects you from poison.
   rN:        It protects you from negative energy.
 m - the +0 dagger of Unreason {venom, *Noise rC++ Str+2}
   (You found it on level 2 of the Dungeon)

   Str:       It affects your strength (+2).
   rC:        It greatly protects you from cold.
   *Noise:    It may make noises in combat.
 B - a +0 arbalest
 N - the +6 whip of Desperation {freeze, rF- rN++ Dex+5}
   (You found it on level 9 of the Dungeon)

   Dex:       It affects your dexterity (+5).
   rF:        It makes you vulnerable to fire.
   rN:        It greatly protects you from negative energy.
Missiles
 k - 82 stones
 q - 27 poisoned darts
Armour
 l - a +0 robe (worn)
 t - a +0 cloak (worn)
 u - a +0 helmet (worn)
 C - a +2 pair of gloves (worn)
 R - the +1 leather armour "Cuschozui" {Str+5}
   (You found it on level 10 of the Dungeon)

   Str:       It affects your strength (+5).
Magical Staves
 M - the staff of earth "Forhei" {rPois rC+ MP-9 Str+5}
   (You found it in a bailey)

   [staff of earth]

   Base accuracy: +5 Base damage: 5 Base attack delay: 1.2 This weapon's minimum
   attack delay (0.6) is reached at skill level 12.
   Str:       It affects your strength (+5).
   rC:        It protects you from cold.
   rPois:     It protects you from poison.
   MP:        It affects your magic capacity (-9).
   It falls into the 'Staves' category.
   It is a one-handed weapon.
Jewellery
 y - an amulet of magic regeneration (around neck)
 z - a ring of magical power (left hand)
 I - a ring of willpower (right hand)
Wands
 J - a wand of polymorph (8)
 K - a wand of flame (7)
Scrolls
 f - 3 scrolls of brand weapon
 g - a scroll of butterflies
 h - 2 scrolls of fear
 j - 2 scrolls of poison
 o - a scroll of vulnerability {unknown}
 r - 2 scrolls of teleportation
 s - a scroll of immolation {unknown}
 w - a scroll of enchant weapon {unknown}
 A - 4 scrolls of enchant armour
 F - a scroll of fog {unknown}
 O - a scroll of blinking
 P - a scroll of magic mapping {unknown}
 Q - a scroll of identify
Potions
 b - 5 potions of magic
 c - 2 potions of brilliance {unknown}
 e - 7 potions of curing
 i - 4 potions of cancellation
 n - 2 potions of ambrosia
 p - 2 potions of heal wounds {unknown}
 v - 5 potions of haste
 x - a potion of berserk rage {unknown}
 D - 2 potions of might
 E - 16 potions of degeneration
 G - a potion of mutation {unknown}
 H - 2 potions of attraction {unknown}
 L - a potion of experience


   Skills:
 + Level 10.4 Fighting
 - Level 1.5 Dodging
 - Level 3.0 Stealth
 + Level 12.0 Spellcasting
 + Level 14.0 Conjurations


You had 8 spell levels left.
You knew the following spells:

 Your Spells              Type           Power      Damage    Failure   Level
a - Magic Dart            Conj           100%       1d8       0%          1
b - Searing Ray           Conj           100%       2d8       1%          2
c - Mephitic Cloud        Conj/Pois/Air  36%        N/A       1%          3
f - Freezing Cloud        Conj/Ice/Air   18%        6-21      17%         5
B - Iskenderun's Mystic   Conj/Tloc      48%        2d11      2%          4
C - Ignite Poison         Fire/Tmut/Pois 14%        N/A       13%         3
F - Fulminant Prism       Conj/Hex       24%        3d12      2%          4
T - Irradiate             Conj/Tmut      24%        3d19      7%          5

Your spell library contained the following spells:

 Spells                   Type           Power      Damage    Failure   Level
 Static Discharge         Conj/Air       96%        2-6/arc   1%          2
 Dazzling Flash           Conj/Hex       96%        N/A       1%          3
 Beastly Appendage        Tmut           28%        N/A       4%          1
 Necrotise                Necr           56%        1d6       4%          1
 Cigotuvi's Dreadful Rot  Necr/Pois/Air  28%        N/A       6%          2
 Poisonous Vapours        Pois/Air       28%        N/A       6%          2
 Wereblood                Tmut           14%        N/A       6%          2
 Spider Form              Tmut/Pois      14%        N/A       13%         3
 Vampiric Draining        Necr           14%        2d7       13%         3
 Petrify                  Tmut/Erth      14%        N/A       38%         4
 Agony                    Necr           14%        N/A       75%         5


Dungeon Overview and Level Annotations

Branches:
Dungeon (10/15)            Temple (0/1) D:6             Orc (2/2) D:10
    Elf (0/3) Orc:2       Ossuary (visited)          Bailey (visited)
   Lair: D:8-11

Altars:
Ashenzari
Dithmenos
Gozag
Qazlal
Sif Muna
Wu Jian
Xom
Yredelemnul
Zin

Shops:
D:3 =   D:4 :   D:7 ?   Orc:2 :*[(

Annotations:
D:2 1 runed translucent door, Crazy Yiuf


Innate Abilities, Weirdness & Mutations

Your serpentine skin is tough. (AC +4)
You have supernaturally acute eyesight. (SInv)
Armour fits poorly on your strangely shaped body.
Your system is resistant to poisons. (rPois)
You cover ground very slowly.
You can spit poison.
You have a snake-like lower body.


Message History

You barely miss the orc wizard. The orc wizard closely misses you.
Unknown command.
The orc wizard attacks as you move away!
The orc wizard hits you but does no damage.
There is a stone staircase leading up here.
Unknown command.
The orc wizard barely misses you.
The orc warrior hits you with a +0 broad axe!
* * * LOW HITPOINT WARNING * * *
You see here a +0 club.
Things that are here:
a +0 short sword; a +0 chain mail You hit the orc warrior.
The orc warrior is lightly wounded.
The orc barely misses you.
The orc warrior hits you with a +0 broad axe!
* * * LOW HITPOINT WARNING * * *
The orc hits you but does no damage.
The orc wizard hits you but does no damage.
The orc warrior barely misses you.
The orc wizard hits you but does no damage.
The orc warrior hits you but does no damage.
You hit the orc wizard.
The orc wizard is lightly wounded.
The orc wizard hits you but does no damage.
The orc warrior hits you but does no damage.
The orc hits you with a +0 mace.
* * * LOW HITPOINT WARNING * * *
You slash the orc!
You kill the orc!
The orc warrior barely misses you. The orc wizard barely misses you.
The orc warrior hits you with a +0 broad axe!
* * * LOW HITPOINT WARNING * * *
The orc wizard hits you but does no damage.
Unknown command.
You hit the orc wizard.
The orc wizard is moderately wounded.
The orc warrior hits you with a +0 broad axe!
You die...
Your body crumbles into a pile of gold.

..###....##.##
.<.......#####
.........# .........##
.#........#
#..........#
.#..........#
...........#####
###..........$@#..##
..#.......#..oo.)..##
..........##<).)....##
.....###...#.........#
......#.#...........##
#......##..........##
#...........##.##
#............###
#.............#


You could see an orc warrior and an orc wizard.

Vanquished Creatures
  An orc warlord (Orc:2)
  Snorg (Orc:2)
  3 two-headed ogres (D:10)
  4 orc high priests (Orc:2)
  Pikel (D:6)
  5 orc knights
  3 orc sorcerers (Orc:2)
  A manticore (D:10)
  A gargoyle (D:10)
  Maggie (D:7)
  A komodo dragon (D:10)
  3 trolls
  Prince Ribbit (D:5)
  A slime creature (D:10)
  Eustachio (D:6)
  A wraith (D:10)
  2 wyverns
  10 yaks
  4 vampire mosquitoes (D:10)
  2 steam dragons (D:9)
  A warg (Orc:2)
  A water moccasin (D:8)
  2 acid dragons
  A swamp drake (D:10)
  33 orc warriors
  A sky beast (D:7)
  A black bear (D:5)
  An ice beast (D:5)
  4 ogres
  A centaur (D:7)
  A lemure (D:6)
  3 kobold brigands
  Blork the orc (D:6)
  6 bullfrogs
  2 scorpions
  9 killer bees
  4 howler monkeys
  3 jellies
  15 orc priests
  A gnoll bouda (D:8)
  3 hounds
  A sleepcap (D:8)
  2 iguanas
  29 orc wizards
  8 mummies (Ossuary)
  15 gnolls
  8 adders
  3 white imps
  4 ufetubi
  A worm (D:3)
  3 dart slugs
  83 orcs
  2 bats
  8 endoplasms
  2 giant cockroaches
  A gnoll zombie (Ossuary)
  9 goblins
  10 hobgoblins
  6 jackals
  9 kobolds
  3 quokkas
  8 ball pythons
  3 frilled lizards
  A hobgoblin zombie (Ossuary)
  3 kobold zombies (Ossuary)
  3 orc zombies (Ossuary)
  5 rats
371 creatures vanquished.

Vanquished Creatures (others)
  7 fulminant prisms
  38 plants (D:3)
45 creatures vanquished.

Grand Total: 416 creatures vanquished

Notes
Turn   | Place    | Note
-------+----------+-------------------------------------------
     0 | D:1      | Meow the Naga Conjurer began the quest for the Orb.
     0 | D:1      | Reached XP level 1. HP: 15/15 MP: 3/3
   385 | D:1      | Reached XP level 2. HP: 22/22 MP: 1/5
   390 | D:1      | Learned a level 2 spell: Searing Ray
  1026 | D:2      | Identified the +0 dagger of Unreason {venom, *Noise rC++
                  | Str+2}
  1054 | D:2      | Reached XP level 3. HP: 28/28 MP: 1/6
  1698 | D:2      | Reached XP level 4. HP: 35/36 MP: 3/8
  1703 | D:2      | Learned a level 4 spell: Iskenderun's Mystic Blast
  2009 | D:2      | Found a runed translucent door.
  2010 | D:2      | Noticed Crazy Yiuf
  2073 | D:3      | Found a faded altar of an unknown god.
  2169 | D:3      | Found a shimmering altar of Xom.
  2339 | D:3      | Reached skill level 5 in Conjurations
  2339 | D:3      | Found Huarr's Jewellery Shoppe.
  2574 | D:3      | Reached XP level 5. HP: 33/42 MP: 6/10
  2657 | D:3      | Found a basalt altar of Yredelemnul.
  2669 | D:3      | Found a shadowy altar of Dithmenos.
  3132 | D:4      | Found Bosaf's Book Shoppe.
  3211 | D:4      | Found an ornate altar of the Wu Jian Council.
  3327 | D:5      | Entered Level 5 of the Dungeon
  3332 | D:5      | Reached XP level 6. HP: 49/49 MP: 12/12
  3386 | D:5      | Noticed a black bear
  3394 | D:5      | Killed a black bear
  3395 | D:5      | Reached skill level 6 in Conjurations
  3403 | D:5      | Noticed an ice beast
  3409 | D:5      | Killed an ice beast
  3410 | D:5      | Reached skill level 5 in Spellcasting
  3410 | D:5      | Reached XP level 7. HP: 42/55 MP: 14/14
  3424 | D:5      | Noticed Prince Ribbit
  3432 | D:5      | Reached skill level 7 in Conjurations
  3436 | D:5      | Killed Prince Ribbit
  3442 | D:5      | Found an opulent altar of Gozag.
  3446 | D:5      | Became a worshipper of Gozag Ym Sagoz the Greedy
  3533 | D:5      | Reached XP level 8. HP: 62/62 MP: 16/16
  3538 | D:5      | Found a sand-covered staircase.
  3543 | Ossuary  | Entered an ossuary
  4007 | D:5      | Reached skill level 8 in Conjurations
  4142 | D:4      | Bought a book of Vapours for 260 gold pieces
  4181 | D:6      | Noticed Pikel
  4186 | D:6      | Learned a level 3 spell: Mephitic Cloud
  4194 | D:6      | Killed Pikel
  4195 | D:6      | Reached skill level 9 in Conjurations
  4196 | D:6      | Noticed Eustachio
  4205 | D:6      | Killed Eustachio
  4206 | D:6      | Reached XP level 9. HP: 68/68 MP: 11/20
  4212 | D:6      | Learned a level 5 spell: Freezing Cloud
  4266 | D:6      | Found a staircase to the Ecumenical Temple.
  4275 | D:6      | Noticed Blork the orc
  4281 | D:6      | Killed Blork the orc
  4753 | D:4      | Bought Bate's Secrets of Shifting Aeromancy for 420 gold
                  | pieces
  4759 | D:4      | Learned a level 5 spell: Irradiate
  4794 | D:7      | Noticed Maggie
  5002 | D:7      | Reached skill level 10 in Conjurations
  5038 | D:7      | Found Ceemn's Magic Scroll Emporium.
  5045 | D:7      | Learned a level 4 spell: Fulminant Prism
  5053 | D:7      | Killed Maggie
  5054 | D:7      | Reached skill level 1 in Fighting
  5144 | D:7      | Bought a scroll of teleportation for 36 gold pieces
  5144 | D:7      | Bought a scroll of poison for 48 gold pieces
  5449 | D:8      | Reached XP level 10. HP: 76/84 MP: 22/22
  5487 | D:8      | Found a flagged portal.
  5495 | Bailey   | Entered a bailey
  5950 | Bailey   | Identified the +6 shortbow of the Hidden Vale {flame, rElec
                  | rPois rN+ Dex+2}
  5950 | Bailey   | Noticed an orc knight
  5968 | Bailey   | Reached skill level 11 in Conjurations
  6165 | Bailey   | Learned a level 3 spell: Ignite Poison
  6230 | Bailey   | Killed an orc knight
  6420 | Bailey   | Identified the staff of earth "Forhei" {rPois rC+ MP-9
                  | Str+5}
  6541 | D:8      | Reached skill level 5 in Fighting
  7331 | D:9      | Found a stormy altar of Qazlal.
  7459 | D:9      | Identified the +6 whip of Desperation {freeze, rF- rN++
                  | Dex+5}
  7882 | D:10     | Entered Level 10 of the Dungeon
  7913 | D:10     | Reached XP level 11. HP: 97/97 MP: 24/24
  7964 | D:10     | Reached skill level 10 in Spellcasting
  7976 | D:10     | Reached skill level 12 in Conjurations
  8344 | D:10     | Noticed a manticore
  8344 | D:10     | Noticed a two-headed ogre
  8347 | D:10     | Noticed a two-headed ogre
  8352 | D:10     | Killed a two-headed ogre
  8359 | D:10     | Killed a manticore
  8360 | D:10     | Killed a two-headed ogre
  8898 | D:10     | Found a broken altar of Ashenzari.
  8899 | D:10     | Found an opulent altar of Gozag.
  8899 | D:10     | Found a glowing silver altar of Zin.
  8900 | D:10     | Found a shimmering blue altar of Sif Muna.
  8909 | D:10     | Noticed a two-headed ogre
  8915 | D:10     | Killed a two-headed ogre
  9102 | D:10     | Identified the +1 leather armour "Cuschozui" {Str+5}
  9136 | D:10     | Found a staircase to the Orcish Mines.
  9210 | Orc:1    | Entered Level 1 of the Orcish Mines
  9237 | Orc:1    | You fall into a shaft and drop 1 floor!
  9237 | Orc:2    | Entered Level 2 of the Orcish Mines
  9497 | Orc:2    | Reached XP level 12. HP: 114/114 MP: 26/26
  9583 | Orc:2    | Noticed an orc high priest
  9588 | Orc:2    | Noticed a sun demon
  9589 | Orc:2    | Killed an orc high priest
  9634 | Orc:2    | Noticed an orc high priest
  9637 | Orc:2    | Reached skill level 13 in Conjurations
  9651 | Orc:2    | Killed an orc high priest
  9756 | Orc:2    | Noticed Snorg
  9777 | Orc:2    | Killed Snorg
  9908 | Orc:2    | Noticed an orc warlord
  9923 | Orc:2    | Killed an orc warlord
  9924 | Orc:2    | Reached skill level 10 in Fighting
 10154 | Orc:2    | Found a staircase to the Elven Halls.
 10227 | Orc:2    | Noticed an orc high priest
 10232 | Orc:2    | Killed an orc high priest
 10669 | Orc:2    | Noticed an orc high priest
 10675 | Orc:2    | Killed an orc high priest
 10676 | Orc:2    | Reached skill level 14 in Conjurations
 10740 | Orc:2    | Found Warhef's Antique Armour Boutique.
 10741 | Orc:2    | Found Nabio's Antique Weapon Shop.
 10743 | Orc:2    | Found Xiuwkuro's General Store.
 10743 | Orc:2    | Found Toeseang's Book Boutique.
 11240 | Orc:2    | HP: 4/117 [orc warrior/+0 broad axe (10)]
 11241 | Orc:2    | Slain by an orc warrior

Illustrated notes

Levels and vault maps discovered:
D:1:      minmay_arrival_four_houses, layout_basic
D:2:      layout_loops_ring, kennysheep_generic_room_15, uniq_crazy_yiuf_cottage
D:3:      layout_loops_ring, lemuel_round_altar,
          mainiacjoe_overflow_concentric_impassable, yredelemnul_altar_generic,
          serial_bayou, serial_bayou_shore_b, serial_bayou_lagoon_a,
          serial_bayou_lagoon_b, serial_bayou_pond_d, basic_ecumenical_altar,
          serial_shops, shop
D:4:      layout_rooms, mainiacjoe_overflow_brackets, serial_shops,
          nicolae_shop_stone
D:5:      layout_rooms, enter_ossuary_2, minmay_ruined_shrine,
          uniq_prince_ribbit1
D:6:      layout_cave_pools, minmay_temple_entry_sparse_star, uniq_eustachio,
          uniq_pikel, uniq_blork_the_orc
D:7:      layout_rooms, serial_glass, glass_columns_c, glass_columns_c,
          serial_shops, shop, chequers_decorated_corner, uniq_maggie
D:8:      layout_gridville, lightli_bailey_entry_fortress
D:9:      layout_roguey, amcnicky_altar_gilded, serial_corexii_hall,
          corexii_hall_statues_i, corexii_hall_statues_u,
          hangedman_decor_clover_reticule
D:10:     minmay_polygon_palace, layout_loops_ring,
          chequers_temple_overflow_statue_of_worship, erik_orc_1
Orc:1:    layout_diamond_mine, basic_altar, serial_shops,
          nicolae_shop_mannequins
Orc:2:    st_orc_congregation, layout_diamond_mine, uniq_snorg

Skill      XL: |  1  2  3  4  5  6  7  8  9 10 11 12 |
---------------+-------------------------------------+-----
Spellcasting   | 3 4 5 7 8 9 10 12 | 12.0
Conjurations   | 5 6 7 9 10 11 12 14 | 14.0
Fighting       | 3 6 9 10 | 10.4
Dodging        | |  1.5
Stealth        | |  3.0

Action                     |  1- 3 |  4- 6 |  7- 9 | 10-12 || total
---------------------------+-------+-------+-------+-------++-------
  Melee: Scimitar          |       |    14 |     3 |   105 ||   122
         Punch             |       |       |       |     3 ||     3
   Cast: Magic Dart        |    24 |    19 |     8 |    30 ||    81
         Searing Ray       |     7 |    22 |    57 |    88 ||   174
         Mephitic Cloud    |       |       |     5 |    79 ||    84
         Fulminant Prism   |       |       |     3 |     4 ||     7
         Iskenderun's Myst |       |       |     1 |    21 ||    22
         Ignite Poison     |       |       |       |    45 ||    45
         Freezing Cloud    |       |       |       |    48 ||    48
Ability: Spit Poison       |    19 |    26 |    28 |    75 ||   148
  Evoke: Wand              |       |       |       |     1 ||     1
    Use: Scroll            |       |     5 |     4 |     8 ||    17
         Potion            |       |       |       |     6 ||     6
   Stab: Distracted        |       |       |       |     2 ||     2
         Confused          |       |       |       |     1 ||     1
 Armour: Robe              |       |    18 |    15 |    71 ||   104
         Leather armour    |       |       |       |    39 ||    39
  Dodge: Dodged            |     7 |    26 |    28 |   142 ||   203
